 Dungeon Crawl Stone Soup version 0.21.1-1-g345015f (webtiles) character file.

59 TheDeThijs the Cudgeler (level 3, 0/33 HPs)
             Began as a Minotaur Berserker on June 4, 2018.
             Was a Believer of Trog.
             Succumbed to troglodite's ghost's poison
             ... on level 2 of the Dungeon.
             The game lasted 00:05:10 (1495 turns).

TheDeThijs the Cudgeler (Minotaur Berserker)        Turns: 1495, Time: 00:05:12

Health: 0/33       AC:  2    Str: 21    XL:     3   Next: 78%
Magic:  2/2        EV: 12    Int:  4    God:    Trog [**....]
Gold:   194        SH:  4    Dex: 10    Spells: 2/2 levels left

rFire    . . .     SeeInvis .   a - +0 mace
rCold    . . .     Gourm    .   (no shield)
rNeg     . . .     Faith    .   b - +0 animal skin
rPois    .         Spirit   .   (helmet restricted)
rElec    .         Reflect  +   (no cloak)
rCorr    .         Harm     .   (no gloves)
MR       .....                  (no boots)
Stlth    +.........             i - +4 amulet of reflection
HPRegen  0.11/turn              (no ring)
MPRegen  0.08/turn              (no ring)

@: lethally poisoned (0 -> -24), berserk cooldown, starving, slowed, very slow
A: retaliatory headbutt, horns 2
a: Berserk, Trog's Hand, Burn Spellbooks, Renounce Religion


You were on level 2 of the Dungeon.
You worshipped Trog.
Trog was pleased with you.
You were starving.

You visited 1 branch of the dungeon, and saw 3 of its levels.

You collected 194 gold pieces.

Inventory:

Hand Weapons
 a - a +0 mace (weapon)
Missiles
 m - 33 stones (quivered)
Armour
 b - a +0 animal skin (worn)
 f - a +0 leather armour
 g - a +0 ring mail
Jewellery
 i - a +4 amulet of reflection (around neck)
Scrolls
 d - 2 scrolls of identify {unknown}
 h - 2 scrolls of magic mapping {unknown}
 n - a scroll of amnesia {unknown}
 q - a scroll of enchant weapon {unknown}
 r - 2 scrolls of remove curse {unknown}
 s - 2 scrolls of teleportation {unknown}
Potions
 e - a potion of brilliance {unknown}
 j - a potion of agility {unknown}
 k - a potion of curing {unknown}
 l - 3 potions of flight {unknown}
 o - a potion of cancellation {unknown}
 p - 2 potions of might {unknown}
Comestibles
 c - 3 rations


   Skills:
 - Level 4.0 Fighting
 * Level 4.9 Maces & Flails
 + Level 0.4 Throwing
 - Level 3.0 Armour
 + Level 2.4 Dodging


You had 2 spell levels left.
You didn't know any spells.

Dungeon Overview and Level Annotations

Branches:
Dungeon (3/15)

Altars:

Annotations:
D:3 Sigmund; troglodite's ghost, amateur DsBe


Innate Abilities, Weirdness & Mutations

You reflexively headbutt those who attack you in melee.
You have a pair of horns on your head.


Message History

You are exhausted.
You feel yourself slow down.
You feel sick. Troglodite's ghost hits you.
You are more poisoned.
You hit troglodite's ghost.
Troglodite's ghost is almost destroyed.
You feel very sick. You block troglodite's ghost's attack.
Troglodite's ghost closely misses you.
You closely miss troglodite's ghost.
Troglodite's ghost is almost destroyed.
* * * LOW HITPOINT WARNING * * *
You feel very sick. Troglodite's ghost closely misses you.
The rat twitches its whiskers.
You block troglodite's ghost's attack.
* * * LOW HITPOINT WARNING * * *
You feel very sick. Troglodite's ghost misses you.
You climb upwards.
The ghost fades into the shadows.
Troglodite's ghost disappears!
You die...

.........................##....#.
.....##...#..............#####.#.
..................###............
..##...)............#..........##
......##..........#......###.#.##
..<...............#......#.)...##
............<................#.##
..........##.##.....##.#.###.#...
................@....#.#.###.#...
........#####................####
.................#...........+...
.................+...........##.#
.................###.........##..
........#...#................##..
........#...#.###............##..
.........................######..
............#............##.###'#


There were no monsters in sight!

Vanquished Creatures
  3 adders
  A worm (D:2)
  A dart slug (D:2)
  2 giant cockroaches (D:3)
  6 goblins (D:2)
  4 hobgoblins
  A quokka (D:2)
  2 ball pythons (D:1)
  4 bats
  3 kobolds
  A rat (D:3)
28 creatures vanquished.

Notes
Turn   | Place    | Note
-------+----------+-------------------------------------------
     0 | D:1      | TheDeThijs the Minotaur Berserker began the quest for the Orb.
     0 | D:1      | Reached XP level 1. HP: 19/19 MP: 0/0
   207 | D:1      | Reached XP level 2. HP: 27/27 MP: 1/1
   801 | D:2      | Reached XP level 3. HP: 33/33 MP: 2/2
  1226 | D:3      | Noticed Sigmund
  1442 | D:3      | Reached ** piety under Trog
  1461 | D:3      | Noticed troglodite's ghost (amateur DsBe)
  1495 | D:2      | Succumbed to troglodite's ghost's poison

Skill      XL: |  1  2 |
---------------+-------+-----
Maces & Flails | 4 |  4.9
Armour         | 3 |  3.0
Fighting       | 4 |  4.0
Throwing       | |  0.4
Dodging        | |  2.4

Action                   || total
-------------------------++-------
Melee: Mace              ||    70
       Headbutt          ||    10
Throw: Stone             ||    55
Invok: Berserk           ||     1
       Trog's Hand       ||     1
  Eat: Chunk             ||     1
Armor: Animal skin       ||     5
Dodge: Dodged            ||    36
Block: Other             ||     5
